 Dungeon Crawl Stone Soup version 0.30-a0-802-gb92711bcdf (webtiles) character file.

Game seed: 17872894535162353770

47 cforsyth the Sneak (level 3, 0/22 HPs)
             Began as a Kobold Brigand on Feb 23, 2023.
             Slain by a jackal (1 damage)
             ... on level 2 of the Dungeon.
             The game lasted 00:01:44 (985 turns).

cforsyth the Sneak (Kobold Brigand)                  Turns: 985, Time: 00:01:44

Health: 0/22       AC:  3    Str:  8    XL:     3   Next: 97%
Magic:  3/3        EV: 15    Int: 12    God:
Gold:   70         SH:  0    Dex: 18    Spells: 2/2 levels left

rFire   . . .      SeeInvis .    k - +0 short sword (elec)
rCold   . . .      Faith    .    (no shield)
rNeg    . . .      Spirit   .    b - +0 robe
rPois   .          Reflect  .    (no helmet)
rElec   .          Harm     .    m - +0 cloak {Will+}
rCorr   .          Rampage  .    (no gloves)
Will    +....                    (no boots)
Stlth   ++++                     (no amulet)
HPRegen 0.23/turn                (no ring)
MPRegen 0.08/turn                (no ring)

@: mighty
A: small, no large weapons, nightstalker 3
a: no special abilities


You were on level 2 of the Dungeon.
You visited 1 branch of the dungeon, and saw 3 of its levels.

You collected 70 gold pieces.

Inventory:

Hand Weapons
 a - a +2 dagger
 k - a +0 short sword of electrocution (weapon)
Missiles
 d - 9 poisoned darts (quivered)
 e - 3 curare-tipped darts
Armour
 b - a +0 robe (worn)
 c - a +0 cloak
 m - a +0 cloak of willpower (worn)
Scrolls
 f - 2 scrolls of blinking {unknown}
 h - 2 scrolls of enchant weapon {unknown}
 i - a scroll of enchant armour {unknown}
 j - a scroll of identify {unknown}
 l - a scroll of brand weapon {unknown}
 n - a scroll of silence {unknown}
Potions
 g - a potion of might


   Skills:
 + Level 2.8 Fighting
 + Level 3.5 Short Blades
 - Level 2.1 Throwing
 + Level 2.3 Dodging
 + Level 5.8 Stealth


You had 2 spell levels left.
You didn't know any spells.
Your spell library was empty.

Dungeon Overview and Level Annotations

Branches:
Dungeon (3/15)

Altars:
Cheibriados


Innate Abilities, Weirdness & Mutations

You are small and have problems with some larger weapons.
You are completely attuned to the shadows.


Message History

The endoplasm freezes you.
You are frozen.
* * * LOW HITPOINT WARNING * * *
The jackal misses you.
Unknown command.
You hit the endoplasm.
The endoplasm is almost dead.
The jackal barely misses you.
The jackal bites you but does no damage.
The jackal closely misses you. The endoplasm freezes you.
You are frozen.
* * * LOW HITPOINT WARNING * * *
Unknown command.
You hit the endoplasm.
You kill the endoplasm!
The jackal bites you but does no damage.
The jackal closely misses you.
The jackal bites you but does no damage.
You barely miss the jackal. The jackal barely misses you.
The jackal completely misses you.
The jackal bites you but does no damage.
The jackal misses you.
Unknown command.
You hit the jackal.
The jackal is heavily wounded.
The jackal closely misses you. The jackal barely misses you.
The jackal closely misses you. The jackal barely misses you.
The jackal bites you.
* * * LOW HITPOINT WARNING * * *
You miss the jackal.
The jackal is heavily wounded.
The jackal barely misses you. x2; The jackal bites you.
* * * LOW HITPOINT WARNING * * *
Unknown command.
It was a potion of might.
You feel very mighty all of a sudden. The jackal closely misses you.
The jackal completely misses you. The jackal bites you.
You die...

..........
..........
..........
...hh.....
..(h@>....
.........$
.#####
..........
.....##
..........
######...
##+#######
.......#.
..)....#.
.......##
.......##
.......##


You could see 3 jackals.

Vanquished Creatures
  2 gnolls (D:1)
  2 bats
  4 endoplasms
  3 goblins
  A hobgoblin (D:1)
  3 jackals
  3 kobolds
  2 quokkas (D:2)
  2 ball pythons (D:1)
  A frilled lizard (D:1)
  3 rats
26 creatures vanquished.

Notes
Turn   | Place    | Note
-------+----------+-------------------------------------------
     0 | D:1      | cforsyth the Kobold Brigand began the quest for the Orb.
     0 | D:1      | Reached XP level 1. HP: 12/12 MP: 1/1
   133 | D:1      | Reached XP level 2. HP: 18/18 MP: 2/2
   267 | D:1      | Reached XP level 3. HP: 22/22 MP: 3/3
   652 | D:2      | Found a snail-covered altar of Cheibriados.
   949 | D:2      | You fall into a shaft and drop 1 floor!
   984 | D:2      | HP: 1/22 [jackal (3)]
   985 | D:2      | Slain by a jackal

Illustrated notes

Levels and vault maps discovered:
D:1:      lemuel_arrival_river_ford, layout_basic
D:2:      layout_basic, basic_altar, chequers_serial_rivers_room_a
D:3:      layout_loops_cross, nicolae_overflow_ecumenical_swirl,
          ebering_ecumenical_altar_abandoned, uniq_crazy_yiuf_cottage

Skill      XL: |  1  2  3 |
---------------+----------+-----
Short Blades   | 3 |  3.5
Dodging        | 2 |  2.3
Fighting       | |  2.8
Throwing       | |  2.1
Stealth        | |  5.8

Action                     || total
---------------------------++-------
  Melee: Dagger            ||    20
         Short sword       ||    41
    Use: Potion            ||     1
   Stab: Sleeping          ||     8
 Armour: Robe              ||    18
  Dodge: Dodged            ||    64

Table legend: (Time is in decaauts)
 A = Elapsed time spent in this place.
 B = Non-inter-level travel time spent in this place.
 C = Inter-level travel time spent in this place.
 D = Time resting spent in this place.
 E = Time spent auto-exploring this place.
 F = Levels seen in this place.
 G = Mean time per level.
                   A        B        C        D        E       F      G
               +--------+--------+--------+--------+--------+-----+--------+
         Total |    980 |    958 |     22 |      0 |    807 |   3 |  326.7 |
       Dungeon |    980 |    958 |     22 |      0 |    807 |   3 |  326.7 |
               +--------+--------+--------+--------+--------+-----+--------+

Top non-repeatable levels by time:
     D:1: 633 daAuts
     D:2: 330 daAuts
     D:3: 16 daAuts
